[Event "Live Chess"]
[Site "Chess.com"]
[Date "2023.05.21"]
[Round "-"]
[White "Shepherds_Pie"]
[Black "lateforthesky"]
[Result "0-1"]
[WhiteElo "1946"]
[BlackElo "2127"]
[TimeControl "300"]
[EndTime "2:32:40 PDT"]
[Termination "lateforthesky won by checkmate"]

1. c4 g6 2. Nc3 Bg7 3. g3 d6 4. Bg2 e5 5. e3 Nf6 6. Nge2 h5 7. h4 O-O 8. O-O Nc6 9. d4 exd4 10. Nxd4 Ne5 11.
b3 Bg4 12. f3 Bd7 13. e4 a6 14.
Bg5 c6 15. Qd2 Qc7 16. Rad1 Rad8 17. Nde2 Bc8 18. Qe3 Rd7 19. Rc1 Nh7 20. Bh6 Re7 21. Bxg7 Kxg7 22. Rfd1 f5 23. Qd4 Nf6 24. f4 Nf7 25. c5 dxc5 26. Qxc5 fxe4 27. Rd4 b6 28. Qa3 c5 29. Rd2 Bf5 30. Rcd1 Rfe8 31. Qxa6 e3 32. Rb2 Nd6 33. Nd5 Nxd5 34. Bxd5 Ne4 35. Qc4 Nd2 36.
Qc3+ Kh7 37. Qf6 Qd7 38. Nc3 Qxd5 39. Nxd5 e2 40. Re1 Nf3+ 41. Kf2 Nxe1 42. Rd2 Nd3+ 43. Rxd3 e1=Q+ 44. Kg2 Re2+ 45. Kf3 Qf2# 0-1

[Event "Live Chess"]
[Site "Chess.com"]
[Date "2023.05.21"]
[Round "-"]
[White "FMOlexandrProhorov"]
[Black "WombatIn_A_Box"]
[Result "1-0"]
[WhiteElo "2172"]
[BlackElo "555"]
[TimeControl "300"]
[EndTime "2:33:02 PDT"]
[Termination "FMOlexandrProhorov won by checkmate"]

1. e4 e5 2. f4 exf4 3. Nf3 Nf6 4. Bc4 Nxe4 5. O-O Be7 6. d4 O-O 7. Bxf4 Nc6 8. d5 Nb4 9. Bd3 Nxd3 10. Qxd3 Nc5 11. Qd2 Ne4 12. Qd4 f5 13. Kh1 c5 14.
Qe3 g6 15. Nc3 Nxc3 16. bxc3 d6 17. Rae1 Re8 18. Bh6 Bf6 19. Qxe8+ Qxe8 20. Rxe8+ Kf7 21. Rf8+ Ke7 22. Re1+ Kd7 23. Rf7+ Kd8 24. Rxf6 Bd7 25. Rf8+ Be8 26. Rexe8+ Kd7 27. Rxa8 b6 28. Rf7# 1-0

[Event "Live Chess"]
[Site "Chess.com"]
[Date "2023.05.21"]
[Round "-"]
[White "Delacorta"]
[Black "HoarseyHorsey"]
[Result "0-1"]
[WhiteElo "1398"]
[BlackElo "1449"]
[TimeControl "300"]
[EndTime "2:33:08 PDT"]
[Termination "HoarseyHorsey won on time"]

1. d4 Nf6 2. Nf3 d5 3. e3 Bg4 4. Be2 e6 5. b3 Bd6 6. Bb2 O-O 7. Nbd2 Nbd7 8. Ne5 Bxe2 9. Qxe2 Qb8 10. f4 Bb4 11. O-O Bxd2 12. Qxd2 Ne4 13. Qb4 Nxe5 14. fxe5 c6 15.
Qe7 Qc8 16. Rad1 b6 17. Rf4 Qe8 18. Ba3 a6 19. Qh4 Qd7 20. Bxf8 Rxf8 21. Rxe4 dxe4 22.
Qxe4 c5 23. Qf3 Rd8 24. Rf1 Qc7 25. Qf4 Rd7 26. Qf3 Qb7 27. Qxb7 Rxb7 28. dxc5 bxc5 29.
Rd1 Rb8 30. Rd6 c4 31. Rxa6 cxb3 32. cxb3 g6 33. Kf2 Kg7 34. Kf3 Rc8 35. Kf4 Rc2 36.
Kg3 g5 37. b4 h5 38. h4 Kg6 39. hxg5 Kxg5 40. b5 Rb2 41. b6 Kf5 42. Ra7 Rxb6 43.
Rxf7+ Kxe5 44. Rh7 Ke4 45. Rxh5 Kxe3 46. Re5+ Kd4 47.
Re2 Ra6 48. Kf2 e5 49. g4 e4 50.
g5 Kd3 51. Rb2 Re6 52. Ke1 Kc3 53. Rg2 Rg6 54. a4 Kc4 55. Re2 Re6 56. g6 Rxg6 57. Rxe4+ Kb3 58. a5 Ra6 0-1

[Event "Live Chess"]
[Site "Chess.com"]
[Date "2023.05.21"]
[Round "-"]
[White "Purple1szed"]
[Black "Berdgross"]
[Result "1-0"]
[WhiteElo "1809"]
[BlackElo "656"]
[TimeControl "300"]
[EndTime "2:33:35 PDT"]
[Termination "Purple1szed won by resignation"]

1. e4 e5 2. Nf3 d6 3. d4 Bg4 4.
dxe5 dxe5 5. Qxd8+ Kxd8 6. Nxe5 Be6 7. Nc3 Nc6 8. Nxc6+ bxc6 9. Bd3 Nf6 10. Be3 Ng4 11. O-O-O Bb4 12. Bd4 Bxc3 13. bxc3 Bxa2 14. f3 Nf6 15.
Bxf6+ gxf6 16. Bc4+ Kc8 17. Bxa2 1-0

[Event "Live Chess"]
[Site "Chess.com"]
[Date "2023.05.21"]
[Round "-"]
[White "Doge_Dandolo"]
[Black "Keithdfg"]
[Result "1-0"]
[WhiteElo "1868"]
[BlackElo "1511"]
[TimeControl "300"]
[EndTime "2:33:41 PDT"]
[Termination "Doge_Dandolo won by resignation"]

1. Nf3 d6 2. c4 Bg4 3. Nc3 Nd7 4. Qb3 Qc8 5. g3 Bxf3 6. exf3 c6 7. Bg2 e5 8. O-O Ngf6 9. d3 Be7 10. Re1 O-O 11.
f4 Re8 12. fxe5 dxe5 13. Bd2 Nc5 14. Qc2 Qf5 15. Ne4 Rad8 16. Nxf6+ Bxf6 17. Be4 Qd7 18.
Rad1 Nxd3 19. Bxd3 Qxd3 20. Qxd3 Rxd3 21. Ba5 Rxd1 22.
Rxd1 b6 23. Bc3 e4 24. Bxf6 gxf6 25. Rd7 e3 26. fxe3 Rxe3 27. Kf2 Re4 28. b3 b5 29. cxb5 cxb5 30. Rxa7 Rd4 31. Ke3 Rd1 32. Ra5 Ra1 33. Kd4 1-0

[Event "Live Chess"]
[Site "Chess.com"]
[Date "2023.05.21"]
[Round "-"]
[White "DoYouLikeCurry"]
[Black "Tushinskiy"]
[Result "0-1"]
[WhiteElo "1377"]
[BlackElo "2155"]
[TimeControl "300"]
[EndTime "2:33:46 PDT"]
[Termination "Tushinskiy won by resignation"]

1. e4 e5 2. Nc3 d6 3. Bc4 Nf6 4.
d3 Be7 5. f4 O-O 6. Nf3 Bg4 7.
O-O Nbd7 8. h3 Bxf3 9. Qxf3 c6 10.
fxe5 Nxe5 11. Qd1 Nxc4 12. dxc4 Qc7 13. Qd3 Rad8 14. Bg5 Rfe8 15. Rf3 Qb6+ 16. Kh1 Qxb2 17. Raf1 d5 18. cxd5 cxd5 19. Bxf6 dxe4 20. Qxe4 Bxf6 21. Rxf6 Rxe4 22. Nxe4 gxf6 23. Nxf6+ Kg7 24. Nh5+ Kf8 0-1

[Event "Live Chess"]
[Site "Chess.com"]
[Date "2023.05.21"]
[Round "-"]
[White "Denz14"]
[Black "Ian-Morley"]
[Result "0-1"]
[WhiteElo "1041"]
[BlackElo "1085"]
[TimeControl "300"]
[EndTime "2:33:49 PDT"]
[Termination "Ian-Morley won by resignation"]

1. d4 e5 2. dxe5 Nc6 3. Nf3 Qe7 4. Bf4 Qb4+ 5. Qd2 Qxb2 6. Nc3 Qxa1+ 7. Qc1 Qxc3+ 8.
Bd2 Qc4 9. Qb2 Bb4 10. e4 Bxd2+ 11. Nxd2 Qb4 12. Qxb4 Nxb4 0-1

[Event "Live Chess"]
[Site "Chess.com"]
[Date "2023.05.21"]
[Round "-"]
[White "defenderalist"]
[Black "Cimon"]
[Result "0-1"]
[WhiteElo "1649"]
[BlackElo "1834"]
[TimeControl "300"]
[EndTime "2:33:52 PDT"]
[Termination "Cimon won by resignation"]

1. e4 c5 2. Nf3 Nc6 3. d4 cxd4 4.
Nxd4 Nf6 5. Nxc6 bxc6 6. Nc3 e5 7. Bd3 Bb4 8. Bd2 O-O 9. a3 Be7 10. O-O h6 11. Rb1 d5 12. exd5 cxd5 13. Be2 d4 14. Na2 Bb7 15. f4 e4 16. Bc4 Rc8 17. Bb3 Bc5 18.
Bb4 Bb6 19. Kh1 Re8 20. Nc1 a5 21. Be1 Qd6 22. Bg3 Qc6 23. c3 d3 24. Ba4 Qd5 25.
Bxe8 Rxe8 26. c4 Qxc4 27. Qd2 Qd5 28. Ne2 e3 29. Nc3 Qc6 0-1

[Event "Live Chess"]
[Site "Chess.com"]
[Date "2023.05.21"]
[Round "-"]
[White "whitedjohn"]
[Black "Davidagye"]
[Result "1/2-1/2"]
[WhiteElo "1656"]
[BlackElo "1669"]
[TimeControl "300"]
[EndTime "2:34:02 PDT"]
[Termination "Game drawn by agreement"]

1. e4 e5 2. Nf3 Nc6 3. Bb5 a6 4. Ba4 Nf6 5. Kf1 b5 6. Bb3 Nxe4 7. d3 Nc5 8. Ng5 Nxb3 9. axb3 Be7 10. Ne4 d5 11. Ng3 Bh4 12. Qh5 Bxg3 13. hxg3 Qf6 14.
Bg5 Qg6 15. Qxg6 fxg6 16. Nd2 Be6 17. c4 dxc4 18. bxc4 bxc4 19. dxc4 Kf7 20. f4 exf4 21. gxf4 Rab8 22. b3 a5 23. Kf2 h6 24. Bh4 Rhe8 25.
Rhe1 Bf5 26. Rxe8 Rxe8 27. Re1 Rxe1 28. Kxe1 Bc2 29. Bf2 Nb4 30. Ke2 Kf6 31. Ke3 Nd3 32. Bg3 Nc5 33. f5 Nxb3 34. Nxb3 Bxb3 35. Kd4 gxf5 36.
Bxc7 a4 37. Be5+ Kg6 38. c5 Be6 39. Kc3 Bd5 40. g3 Kf7 41. Kb4 a3 42. Kxa3 g5 43.
Kb4 Ke6 44. Bd6 h5 45. Kc3 f4 46. gxf4 gxf4 47. Bxf4 Kf5 48. Bd6 h4 1/2-1/2

[Event "Live Chess"]
[Site "Chess.com"]
[Date "2023.05.21"]
[Round "-"]
[White "JanMur7"]
[Black "SteveValentine83"]
[Result "1-0"]
[WhiteElo "1954"]
[BlackElo "1531"]
[TimeControl "300"]
[EndTime "2:34:05 PDT"]
[Termination "JanMur7 won by resignation"]

1. e4 d5 2. exd5 Nf6 3. Nc3 Nxd5 4. Nf3 Nxc3 5. bxc3 Nc6 6. Bb5 Qd5 7. c4 Qe4+ 8. Qe2 Qxe2+ 9. Kxe2 Bd7 10. d3 a6 11. Ba4 g6 12. Bb2 f6 13. Rhg1 e5 14.
Nd2 Nd4+ 15. Bxd4 Bxa4 16. Bc3 O-O-O 17. Ne4 Bxc2 18. Nxf6 Bxd3+ 19. Ke1 Bg7 20. Ng4 Bxc4 21. Nxe5 Bxe5 22. Bxe5 Rhe8 23. f4 g5 24. g3 Rd3 25.
Rc1 b5 26. Rc2 Ra3 27. Kf2 Rxa2 28. Rxa2 Bxa2 29. Ra1 gxf4 30. gxf4 Bc4 31. Rxa6 Kb7 32. Rf6 Re7 33. Ke3 c6 34. Kd4 Bd5 35. Kc5 Rd7 36.
Rf8 Rf7 37. Rb8+ Ka7 38. Rd8 Rb7 39. Rd6 b4 40. Bb2 b3 41. Rd8 Rb5+ 42. Kd4 Rb4+ 43. Ke3 Rc4 44. Rd7+ Kb6 45. Rxh7 Rc2 46. Bd4+ c5 47.
Rh6+ Kb5 48. Bh8 b2 49. Bxb2 Rxb2 50. f5 Rb1 51. Rd6 Bf7 52. Rd7 Bh5 53. Rb7+ 1-0

[Event "Live Chess"]
[Site "Chess.com"]
[Date "2023.05.21"]
[Round "-"]
[White "yeetpizza74"]
[Black "domrobson"]
[Result "0-1"]
[WhiteElo "481"]
[BlackElo "1717"]
[TimeControl "300"]
[EndTime "2:34:12 PDT"]
[Termination "domrobson won by checkmate"]

1. e4 e5 2. Nf3 Nc6 3. Bc4 Nf6 4. Ng5 d5 5. exd5 b5 6. dxc6 bxc4 7. Nc3 Bd6 8. d3 cxd3 9. cxd3 O-O 10. O-O h6 11. Nge4 Nxe4 12. dxe4 Be7 13. Nd5 Bd6 14. Be3 f5 15.
exf5 Bxf5 16. Qd2 e4 17. Rad1 Qh4 18. Bf4 Bxf4 19. Nxf4 Rad8 20. Qe2 Qxf4 21. g3 Qf3 22. Rxd8 Qxe2 23. Rxf8+ Kxf8 24. Kg2 Bh3+ 25. Kg1 Qxf1# 0-1

[Event "Live Chess"]
[Site "Chess.com"]
[Date "2023.05.21"]
[Round "-"]
[White "HadesLearmonth"]
[Black "ChessClubLive"]
[Result "0-1"]
[WhiteElo "1190"]
[BlackElo "1790"]
[TimeControl "300"]
[EndTime "2:34:15 PDT"]
[Termination "ChessClubLive won by resignation"]

1. e4 c5 2. Nf3 e6 3. d4 cxd4 4.
Nxd4 Nf6 5. Nc3 Bb4 6. Bd3 Nc6 7. Nxc6 dxc6 8. O-O O-O 9. Ne2 Qc7 10. Bf4 e5 11. Bg3 Bc5 12. c3 Bg4 13. b4 Bb6 14. a4 a6 15. a5 Ba7 16. Qb3 Rad8 17. Bc4 Nxe4 18. Nc1 Nd2 19. Qa2 Nxf1 20. h3 Rd1 21. Bxf1 Be6 22.
Qe2 Qd7 23. Bxe5 Rd2 24. Qg4 Bxg4 25. hxg4 0-1

[Event "Live Chess"]
[Site "Chess.com"]
[Date "2023.05.21"]
[Round "-"]
[White "daveeeeR"]
[Black "LiamBellwood"]
[Result "0-1"]
[WhiteElo "1295"]
[BlackElo "1958"]
[TimeControl "300"]
[EndTime "2:34:34 PDT"]
[Termination "LiamBellwood won by resignation"]

1. d4 e6 2. Bf4 f5 3. Nf3 Nf6 4. c4 b6 5. Nc3 Bb7 6. e3 Bb4 7. Bd3 O-O 8. O-O Bxc3 9. bxc3 Ne4 10.
Bxe4 Bxe4 11. Bg5 Bxf3 12. Bxd8 Bxd1 13. Raxd1 Rxd8 14. d5 e5 15. f4 d6 16. fxe5 dxe5 17.
Rxf5 Nd7 18. e4 Rf8 19. Rh5 Rf4 20. Re1 g6 21. g3 Rf3 22. Rh3 Rxc3 0-1

[Event "Live Chess"]
[Site "Chess.com"]
[Date "2023.05.21"]
[Round "-"]
[White "Crowded_House"]
[Black "BritishIsles"]
[Result "0-1"]
[WhiteElo "1664"]
[BlackElo "2415"]
[TimeControl "300"]
[EndTime "2:34:43 PDT"]
[Termination "BritishIsles won by checkmate"]

1. d4 d5 2. Bg5 c5 3. dxc5 h6 4. Bh4 Qa5+ 5. Nc3 e6 6. e3 Bxc5 7.
Nf3 Bb4 8. Qd2 Nc6 9. a3 Nf6 10. Bxf6 gxf6 11. Bd3 Bd7 12. O-O Bxc3 13. Qxc3 Qxc3 14.
bxc3 Rc8 15. c4 dxc4 16. Bxc4 Ke7 17. Bb3 Ne5 18. Nxe5 fxe5 19. Rfd1 Rc3 20. Rd3 Rhc8 21. Rxc3 Rxc3 22. a4 a5 23. Rd1 Bc6 24. Rd3 Rxd3 25.
cxd3 Kd6 26. Bc4 Kc5 27. Bb3 Kb4 28. Bc2 Bxa4 29. Bb1 Kb3 30. d4 exd4 31. exd4 Kb2 32.
Bh7 Be8 33. Be4 a4 34. d5 a3 35. dxe6 a2 36. exf7 a1=Q+ 37. Bb1 Qxb1# 0-1

[Event "Live Chess"]
[Site "Chess.com"]
[Date "2023.05.21"]
[Round "-"]
[White "SupremeTactician"]
[Black "elephantgerrald"]
[Result "1-0"]
[WhiteElo "2261"]
[BlackElo "688"]
[TimeControl "300"]
[EndTime "2:34:47 PDT"]
[Termination "SupremeTactician won by checkmate"]

1. e4 e5 2. Nf3 Nc6 3. Nc3 Nf6 4. Bb5 Bb4 5. O-O Bxc3 6. bxc3 O-O 7. d3 a6 8. Bxc6 dxc6 9. Nxe5 Nxe4 10. dxe4 Qxd1 11. Rxd1 Re8 12. Bf4 f6 13. Nf3 Rxe4 14. Bxc7 Bg4 15.
Rd4 Bxf3 16. gxf3 Rxd4 17. cxd4 Rc8 18. Bg3 g5 19. Kf1 h5 20. h3 f5 21. Be5 b6 22.
Re1 Re8 23. Bc7 Rxe1+ 24. Kxe1 b5 25. Bd8 g4 26. fxg4 fxg4 27. hxg4 hxg4 28. Ke2 Kf7 29. Ke3 Kg6 30. Kf4 Kh5 31. c3 Kg6 32. Kxg4 Kf7 33. Bb6 Kf6 34. f4 Kf7 35. f5 Kf8 36. Kg5 Kf7 37.
f6 Kf8 38. Kg6 Ke8 39. f7+ Kf8 40. Bc5# 1-0

[Event "Live Chess"]
[Site "Chess.com"]
[Date "2023.05.21"]
[Round "-"]
[White "Tilbs_12"]
[Black "MarkLim1"]
[Result "0-1"]
[WhiteElo "1572"]
[BlackElo "1729"]
[TimeControl "300"]
[EndTime "2:34:51 PDT"]
[Termination "MarkLim1 won by resignation"]

1. d4 Nf6 2. c4 e6 3. Nc3 d5 4. Bg5 Be7 5. Nf3 h6 6. Bxf6 Bxf6 7. e3 O-O 8. Bd3 dxc4 9. Bxc4 Nd7 10. O-O c5 11.
Ne4 Be7 12. a4 cxd4 13. Nxd4 Nf6 14. Nc3 Qc7 15. Bd3 a6 16. Rc1 Qb6 17. b3 Bd7 18. Ne4 Rfd8 19. Nxf6+ Bxf6 20. Qc2 Rac8 21. Qb2 Bxa4 22.
Rxc8 Rxc8 23. b4 Rd8 24. Ra1 Bxd4 25. exd4 Bb5 26. Rd1 Bxd3 27. Rxd3 Rd5 28. Kf1 a5 29.
Rb3 Qa6+ 30. b5 Qd6 31. Rd3 b6 32. g3 Qd7 33. Ke2 Rxb5 34. Qa3 Rd5 35. Ke3 e5 36. dxe5 Rxe5+ 37. Kd2 Qe6 38. Rd8+ Kh7 39. Qd3+ g6 40. Rd6 Qa2+ 41. Kd1 Qa1+ 42. Kd2 Qe1+ 43. Kc2 Qxf2+ 44.
Kb1 Qg1+ 45. Ka2 Qxh2+ 46. Kb3 a4+ 47. Kxa4 Qa2+ 48. Kb4 Qa5+ 49. Kb3 Rb5+ 50. Kc2 Qa2+ 51. Kc3 Rb3+ 52. Kd4 Rxd3+ 53. Kxd3 Qa3+ 54. Ke4 Qxd6 0-1

[Event "Live Chess"]
[Site "Chess.com"]
[Date "2023.05.21"]
[Round "-"]
[White "Long1968"]
[Black "TheSmoulderingMaster"]
[Result "0-1"]
[WhiteElo "970"]
[BlackElo "1710"]
[TimeControl "300"]
[EndTime "2:34:57 PDT"]
[Termination "TheSmoulderingMaster won on time"]

1. e4 c5 2. c3 d5 3. exd5 Qxd5 4. d4 Nc6 5. Nf3 Bg4 6. Be2 e6 7. O-O cxd4 8. cxd4 Nf6 9. Nc3 Qd8 10. Bf4 a6 11. Ne5 Bxe2 12. Nxe2 Nd5 13. Nxc6 bxc6 14. Qa4 Qd7 15.
Rfc1 Nb4 16. Rc3 Be7 17. a3 Nd5 18. Rxc6 O-O 19. Qc4 Nxf4 20. Nxf4 h6 21. Rc7 Qd6 22. g3 Rfd8 23. Rd1 Bf6 24. Rc6 Qd7 0-1

[Event "Live Chess"]
[Site "Chess.com"]
[Date "2023.05.21"]
[Round "-"]
[White "Denz14"]
[Black "Doge_Dandolo"]
[Result "0-1"]
[WhiteElo "1041"]
[BlackElo "1868"]
[TimeControl "300"]
[EndTime "2:35:01 PDT"]
[Termination "Doge_Dandolo won by resignation"]

1. d4 d5 2. Bf4 Bf5 3. e3 c5 4. c3 Qb6 5. Kd2 Qxb2+ 6. Qc2 Qxc2+ 7. Ke1 Qb2 8. Nd2 Qxa1+ 9. Nb1 Qxb1+ 10. Ke2 Qd3+ 11.
Ke1 0-1

[Event "Live Chess"]
[Site "Chess.com"]
[Date "2023.05.21"]
[Round "-"]
[White "lHolyDiverl"]
[Black "Biranidun"]
[Result "0-1"]
[WhiteElo "555"]
[BlackElo "2552"]
[TimeControl "300"]
[EndTime "2:35:28 PDT"]
[Termination "Biranidun won by resignation"]

1. d4 Nf6 2. Nc3 d5 3. Bf4 g6 4. e3 Bg7 5. Nf3 c5 6. dxc5 O-O 7. Bd3 Qa5 8. O-O Nc6 9. a3 Qxc5 10.
Nb5 Ne8 11. Rb1 a6 12. Nc7 Nxc7 13. Bxc7 e5 14. e4 Bg4 15. h3 Bxf3 16. gxf3 Nd4 17. c3 Ne6 18. Qb3 Qxc7 19. Qxd5 Nf4 20. Qc4 Qd7 21.
Rbd1 Qxh3 0-1

[Event "Live Chess"]
[Site "Chess.com"]
[Date "2023.05.21"]
[Round "-"]
[White "LiamClery2020"]
[Black "WilliamofOrange16th"]
[Result "0-1"]
[WhiteElo "1984"]
[BlackElo "1854"]
[TimeControl "300"]
[EndTime "2:35:35 PDT"]
[Termination "WilliamofOrange16th won by resignation"]

1. e4 d6 2. d4 Nf6 3. Nc3 Nbd7 4. Be3 e5 5. dxe5 dxe5 6. f3 c6 7. Qd2 Be7 8. Nge2 O-O 9. Ng3 Nc5 10. Qxd8 Rxd8 11.
Bc4 b5 12. Bb3 a5 13. a4 b4 14. Nce2 Nxb3 15. cxb3 Be6 16. O-O Bxb3 17. Nf5 Bf8 18. Rac1 Bxa4 19. Bg5 Bb5 20. Rfe1 a4 21. Bxf6 gxf6 22.
Neg3 Rd7 23. Nh5 Be7 24. Red1 Rxd1+ 25. Rxd1 Bc5+ 26. Kh1 Bd4 27. Nxf6+ Kf8 28. Nxh7+ Ke8 29. Nf6+ Kd8 30. Nxd4 exd4 31. Rxd4+ Ke7 32. Ng4 a3 33. bxa3 bxa3 34. Rd1 a2 35. Ra1 Ke6 36. Ne3 Bd3 37. Nd1 Ra3 38. Nb2 Bb1 39. Nc4 Rc3 0-1

[Event "Live Chess"]
[Site "Chess.com"]
[Date "2023.05.21"]
[Round "-"]
[White "worldchessleaguelive"]
[Black "apl_trainer"]
[Result "0-1"]
[WhiteElo "1338"]
[BlackElo "1760"]
[TimeControl "300"]
[EndTime "2:35:51 PDT"]
[Termination "apl_trainer won by checkmate"]

1. d4 Nf6 2. Bf4 c5 3. dxc5 Qa5+ 4. Nc3 Ne4 5. Bd2 Nxd2 6. Qxd2 g6 7. Nf3 Bg7 8. e4 Qxc5 9. Bd3 d6 10. O-O Nc6 11.
a3 O-O 12. Rad1 Bg4 13. Be2 Bxf3 14. Bxf3 Bxc3 15. bxc3 Qxa3 16. Ra1 Qc5 17. Rfb1 Rab8 18. e5 Qxe5 19. Bxc6 bxc6 20. Rxb8 Rxb8 21. Rxa7 Rb1+ 22.
Qe1 Rxe1# 0-1

[Event "Live Chess"]
[Site "Chess.com"]
[Date "2023.05.21"]
[Round "-"]
[White "Tushinskiy"]
[Black "Purple1szed"]
[Result "0-1"]
[WhiteElo "2141"]
[BlackElo "1823"]
[TimeControl "300"]
[EndTime "2:35:56 PDT"]
[Termination "Purple1szed won by resignation"]

1. d4 Nf6 2. c3 c5 3. Nf3 cxd4 4. cxd4 d5 5. Nc3 Nc6 6. Bf4 Bf5 7. e3 e6 8. Bd3 Bg6 9. O-O Bd6 10. Bg3 O-O 11. Rc1 Rc8 12. Qb3 Bxd3 13. Rfd1 Bc4 14. Qxb7 Bxg3 15. hxg3 Qc7 16. Qxc7 Rxc7 17. b3 Ba6 18. Na4 Rfc8 19. Nc5 Be2 20. Rf1 Bxf1 0-1

[Event "Live Chess"]
[Site "Chess.com"]
[Date "2023.05.21"]
[Round "-"]
[White "MarkLim1"]
[Black "elephantgerrald"]
[Result "1-0"]
[WhiteElo "1729"]
[BlackElo "688"]
[TimeControl "300"]
[EndTime "2:35:59 PDT"]
[Termination "MarkLim1 won by checkmate"]

1. d4 d5 2. Nf3 Nc6 3. e3 Bg4 4. Be2 e6 5. O-O Bxf3 6. Bxf3 Qd6 7. c4 dxc4 8. Na3 O-O-O 9. Nxc4 Qe7 10. b3 Qg5 11.
Bxc6 bxc6 12. Qf3 Nf6 13. Qxc6 Rd7 14. Qa8# 1-0

[Event "Live Chess"]
[Site "Chess.com"]
[Date "2023.05.21"]
[Round "-"]
[White "Ferrarifan27"]
[Black "AttackingSnowLeopard"]
[Result "0-1"]
[WhiteElo "2093"]
[BlackElo "2207"]
[TimeControl "300"]
[EndTime "2:36:17 PDT"]
[Termination "AttackingSnowLeopard won by resignation"]

1. e4 e5 2. Nf3 Nc6 3. Bb5 a6 4. Ba4 Nf6 5. O-O Be7 6. Re1 b5 7. Bb3 d6 8. c3 O-O 9. h3 Nb8 10. d4 Nbd7 11. Be3 Bb7 12. dxe5 Nxe5 13. Nxe5 dxe5 14. f3 Qxd1 15. Rxd1 c5 16. Nd2 c4 17.
Bc2 Rfd8 18. a4 Kf8 19. axb5 axb5 20. Kf2 Ke8 21. Ke2 Nd7 22. Nf1 Nc5 23. Bxc5 Bxc5 24. Rxd8+ Kxd8 25. Rxa8+ Bxa8 26. Ne3 Ke7 27. Nf5+ Kf6 28. h4 g6 29. Ne3 Ke6 30. g4 Be7 31. g5 f6 32. b3 fxg5 33. bxc4 bxc4 34. hxg5 Bxg5 35. Nxc4 Bc6 36. Bb3 Kf6 37. Ne3 h5 38. Bd5 Bd7 39. c4 Bxe3 40. Kxe3 h4 41. Kf2 g5 42. c5 Bc8 43. Kg2 Ke7 44. Kh2 Kd8 45. Kg2 Kc7 46. Kh2 Kb8 47. Kg2 Ka7 48. Bc4 Kb7 49. Bb5 Kc7 50. c6 Be6 51. Kh2 Kb6 52. Ba4 Ka5 53. Bd1 Kb5 54. c7 Kb6 55. Bb3 Bc8 56. Bf7 Kxc7 57. Kg2 Kd6 58. Kf2 Kc5 59.
Bb3 Kd4 60. Bd1 Kd3 61. Be2+ Kd2 62. Bf1 Be6 63. Bb5 h3 64. Kg3 Ke3 65. Ba4 h2 66. Kxh2 Kxf3 67. Bc2 Bf7 68. Kg1 Bg6 69. Kf1 Bxe4 70. Bd1+ Ke3 71. Kg1 Bf3 72. Bc2 e4 73.
Kf1 Kd2 74. Ba4 e3 0-1

[Event "Live Chess"]
[Site "Chess.com"]
[Date "2023.05.21"]
[Round "-"]
[White "SupremeTactician"]
[Black "Tilbs_12"]
[Result "1-0"]
[WhiteElo "2261"]
[BlackElo "1572"]
[TimeControl "300"]
[EndTime "2:36:34 PDT"]
[Termination "SupremeTactician won by resignation"]

1. e4 c6 2. d4 d5 3. Nc3 dxe4 4. Nxe4 Nf6 5. Nxf6+ exf6 6. c3 Bd6 7. Bd3 O-O 8. Qc2 g6 9. Ne2 Re8 10. O-O Bf8 11.
Ng3 Nd7 12. Bd2 Nb6 13. Rae1 Bg7 14. Rxe8+ Qxe8 15. Re1 Qd8 16. b3 Bd7 17. c4 Qc7 18. Ba5 Re8 19. Rxe8+ Bxe8 20. c5 Qd7 21. cxb6 axb6 22.
Bxb6 1-0

[Event "Live Chess"]
[Site "Chess.com"]
[Date "2023.05.21"]
[Round "-"]
[White "DoYouLikeCurry"]
[Black "domrobson"]
[Result "1-0"]
[WhiteElo "1391"]
[BlackElo "1703"]
[TimeControl "300"]
[EndTime "2:36:39 PDT"]
[Termination "DoYouLikeCurry won by resignation"]

1. e4 e5 2. Nc3 Nf6 3. f4 Nc6 4.
fxe5 Nxe5 5. d4 Ng6 6. e5 Ng8 7.
Nf3 d6 8. Bc4 dxe5 9. Qe2 Qe7 10. Nd5 Qd8 11. Nxe5 Be6 12. O-O Nxe5 13. Qxe5 Nf6 14.
Nxc7+ 1-0

[Event "Live Chess"]
[Site "Chess.com"]
[Date "2023.05.21"]
[Round "-"]
[White "Tech_Titan"]
[Black "smoggyrabbit"]
[Result "0-1"]
[WhiteElo "1139"]
[BlackElo "1702"]
[TimeControl "300"]
[EndTime "2:36:44 PDT"]
[Termination "smoggyrabbit won by resignation"]

1. c4 e6 2. Nc3 f5 3. d4 Nf6 4.
Nf3 Bb4 5. Bd2 O-O 6. e3 b6 7. Bd3 Bb7 8. O-O d6 9. a3 Bxc3 10.
Bxc3 Nbd7 11. b4 Ne4 12. Bxe4 Bxe4 13. h3 Qe8 14. Re1 Qh5 15. Nd2 Qxd1 16. Rexd1 Nf6 17. Nxe4 Nxe4 18. Rac1 Rad8 19. f3 Nxc3 20. Rxc3 Kf7 21. Kf2 Ke7 22. Ke2 e5 23. dxe5 dxe5 24. Rxd8 Rxd8 25. Rd3 Rxd3 26. Kxd3 Kd6 27. e4 f4 28. Kc3 c6 29. Kd3 a6 30. Kc3 c5 31. bxc5+ Kxc5 32. Kd3 b5 33. cxb5 Kxb5 34. Kc3 Ka4 35.
Kb2 Kb5 36. Kb3 a5 37. a4+ Kc5 38. Kc3 h6 39. Kb3 Kd4 40. Kc2 Ke3 41. Kc3 Kf2 42. Kc4 Kxg2 43. Kb5 Kxf3 44. Kxa5 Kg3 45. Kb5 f3 46. a5 f2 47. a6 f1=Q+ 48. Kb6 Qb1+ 49. Kc7 Qa2 50. Kb7 Qb3+ 51. Ka8 Qb6 52. a7 Qxa7+ 53. Kxa7 Kf4 54. Kb6 Kxe4 55. Kc6 Kd3 56. Kd6 e4 57. Ke6 e3 58. Kf7 e2 59. Kxg7 e1=Q 60. Kxh6 Qg3 61. Kh5 Ke4 62. h4 Kf5 0-1

[Event "Live Chess"]
[Site "Chess.com"]
[Date "2023.05.21"]
[Round "-"]
[White "Singapourfeuj"]
[Black "Mugzwang"]
[Result "1-0"]
[WhiteElo "2193"]
[BlackElo "1539"]
[TimeControl "300"]
[EndTime "2:36:50 PDT"]
[Termination "Singapourfeuj won by resignation"]

1. d4 d5 2. c4 e6 3. Nf3 Nf6 4. Nc3 c6 5. Bg5 Nbd7 6. cxd5 cxd5 7. e3 a6 8. Bd3 Be7 9. O-O h6 10. Bf4 O-O 11. Rc1 Nb6 12. Ne2 Bd6 13. Ne5 Qe7 14.
a4 Nbd7 15. Nxd7 Bxd7 16. Bxd6 Qxd6 17. Qb3 Bc6 18. a5 Rfc8 19. Rc3 Qd7 20. Rfc1 Ne4 21. Bxe4 dxe4 22. Qb6 Bb5 23. Ng3 f5 24. h4 Rxc3 25.
Rxc3 Rc8 26. Rc5 Rxc5 27. Qxc5 Qc6 28. b4 Qxc5 29. dxc5 Kf7 30. f4 g6 31. Kf2 Bc4 32.
Ke1 Bd3 33. Kd2 Bb5 34. Kc3 Bc6 35. Kd4 Kf6 36. Ne2 Bb5 37. Nc3 Bf1 38. g3 g5 39.
Na4 gxh4 40. gxh4 Bb5 41. Nb6 Bc6 42. Nc8 Kf7 43. h5 Kf6 44. Nd6 Ke7 45. Ke5 Be8 46. Nxe8 Kxe8 47. Kxe6 1-0

[Event "Live Chess"]
[Site "Chess.com"]
[Date "2023.05.21"]
[Round "-"]
[White "hturner40"]
[Black "gmnorfolk"]
[Result "1-0"]
[WhiteElo "1817"]
[BlackElo "2115"]
[TimeControl "300"]
[EndTime "2:36:54 PDT"]
[Termination "hturner40 won by resignation"]

1. Nf3 d5 2. g3 c5 3. Bg2 Nc6 4. d4 e6 5. c4 cxd4 6. Nxd4 Nf6 7. Nc3 Bc5 8. Nxc6 bxc6 9. O-O O-O 10. Bg5 h6 11. Bf4 Bd6 12. Bxd6 Qxd6 13. cxd5 cxd5 14. e4 Rb8 15. exd5 Rxb2 16. dxe6 Qxd1 17. Nxd1 Bxe6 18. Nxb2 Rb8 19. Nd3 Bc4 20. Rfd1 g5 21. Ne5 1-0

[Event "Live Chess"]
[Site "Chess.com"]
[Date "2023.05.21"]
[Round "-"]
[White "MJMykh"]
[Black "YrrriKharkiv"]
[Result "0-1"]
[WhiteElo "1184"]
[BlackElo "2072"]
[TimeControl "300"]
[EndTime "2:36:56 PDT"]
[Termination "YrrriKharkiv won by checkmate"]

1. e4 e6 2. Nf3 d5 3. e5 c5 4.
Nc3 Nc6 5. Bb5 Bd7 6. Bxc6 bxc6 7. O-O Ne7 8. h3 h5 9. d3 Nf5 10. Bg5 Qb6 11. Rb1 Rb8 12. b3 Qa5 13. Na4 Nd4 14.
Nxd4 cxd4 15. Qd2 Bb4 16. Qf4 c5 17. Nb2 Qxa2 18. c4 dxc3 19. Na4 Bxa4 20. bxa4 Qxa4 21. Ra1 Qd7 22. Ra2 a5 23. Rfa1 Qb5 24. Rd1 c4 25.
dxc4 Qxc4 26. Qxc4 dxc4 27. Rc2 O-O 28. Bf4 Rfd8 29. Rxd8+ Rxd8 30. Kh2 f6 31. exf6 gxf6 32. g4 e5 33. Be3 hxg4 34. hxg4 Kf7 35. Kg3 Ke6 36. Kf3 Rh8 37. Ke4 Rh4 38. f3 f5# 0-1